 Dungeon Crawl Stone Soup version 0.15-b1-58-g4898494 (webtiles) character file.

70767 wortkombination the Geomancer (level 15, -2/84 HPs)
             Began as a Gargoyle Earth Elementalist on Aug 11, 2014.
             Was the Champion of Kikubaaqudgha.
             Slain by an orc knight
             ... wielding a +0 great mace
              (27 damage)
             ... on Level 15 of the Dungeon on Aug 12, 2014.
             The game lasted 07:41:44 (28873 turns).

wortkombination the Geomancer (GrEE)               Turns: 28873, Time: 07:41:45

HP  -2/84        AC 20     Str 14      XL: 15   Next: 34%
MP   3/34        EV 13     Int 23      God: Kikubaaqudgha [******]
Gold 1989        SH  7     Dex 10      Spells:  8 memorised, 11 levels left

rFire  + . .     SeeInvis +     b - +7 hunting sling of a ziggurat {freeze, rN+ MR++ Int+3}
rCold  + . .     Clarity  .     x - +2 robe {rC+}
rNeg   + + .     rCorr    .     P - +2 buckler
rPois  +         rRot     +     r - +0 helmet
rElec  +         Spirit   .     N - +0 cloak {+Inv}
SustAb .         Warding  .     V - +0 pair of gloves
rMut   .         Stasis   .     (no boots)
Gourm  .                        (no amulet)
MR     +++..                    w - ring of see invisible
                                L - ring of protection from fire

@: extremely resistant to hostile enchantments, unstealthy
A: able to fly continuously, big wings, icy blue scales 1, negative energy
resistance 1, electricity resistance, unbreathing, petrification resistance, rot
immunity, AC +11
a: Fly, Receive Corpses, Torment, Renounce Religion, Evoke Invisibility


You were on level 15 of the Dungeon.
You worshipped Kikubaaqudgha.
Kikubaaqudgha was exalted by your worship.
You were not hungry.

You visited 4 branches of the dungeon, and saw 25 of its levels.
You also visited: Sewer and Volcano.

You collected 2626 gold pieces.
You spent 637 gold pieces at shops.

Inventory:

Hand weapons
 b - the +7 hunting sling of a ziggurat (weapon) {freeze, rN+ MR++ Int+3}
   (You found it on level 4 of the Dungeon)

   It turns projectiles fired from it into bolts of frost.
   It affects your intelligence (+3).
   It protects you from negative energy.
   It affects your resistance to hostile enchantments.
 c - a +1 blowgun
Missiles
 a - 573 stones (quivered)
 y - 121 sling bullets
 F - 46 poisoned needles
Armour
 r - a +0 helmet (worn)
 x - a +2 robe of cold resistance (worn)
 D - a +0 robe of magic resistance
 N - a +0 cloak of darkness (worn)
 P - a +2 buckler (worn)
 R - a +2 robe of positive energy
 S - a +1 leather armour of fire resistance
 V - a +0 pair of gloves (worn)
Magical devices
 k - a wand of confusion (23)
 l - a wand of polymorph (7)
 n - a wand of disintegration (13)
 G - a wand of fire (12) {unknown}
 I - a wand of fireball (2)
 X - a wand of digging (6)
Comestibles
 h - 66 fruits
 s - 6 meat rations
 H - 9 bread rations
Scrolls
 d - 2 scrolls of enchant armour
 f - 12 scrolls of teleportation
 m - a scroll of summoning
 p - 9 scrolls of identify
 t - 12 scrolls of remove curse
 u - 4 scrolls of fear
 z - a scroll of blinking
 B - 4 scrolls of magic mapping
 C - 2 scrolls of fog
 K - 2 scrolls of enchant weapon
 T - a scroll of amnesia
Jewellery
 o - an uncursed ring of ice
 w - a ring of see invisible (right hand)
 A - an uncursed ring of sustain abilities
 L - a ring of protection from fire (left hand)
 Y - an uncursed ring of ice
Potions
 e - a potion of berserk rage
 i - 8 potions of curing
 j - 2 potions of haste
 q - 3 potions of heal wounds
 E - 5 potions of brilliance
 O - 4 potions of magic
Books
 g - Kikubaaqudgha's Catalogue of Darkness
   (Kikubaaqudgha gifted it to you on level 8 of the Dungeon)

   Spells                             Type                      Level
   Agony                              Necromancy                   5
   Dispel Undead                      Necromancy                   5
   *Twisted Resurrection              Necromancy                   5
   Simulacrum                         Ice/Necromancy               6
   Death Channel                      Necromancy                   6
 v - a book of Dreams

   Spells                             Type                      Level
   Ensorcelled Hibernation            Hexes/Ice                    2
   Flight                             Charms/Air                   3
   Phase Shift                        Translocation                5
   Shadow Creatures                   Summoning                    5
   Mass Confusion                     Hexes                        6
   Darkness                           Hexes                        7
 J - a book of Summonings

   Spells                             Type                      Level
   Abjuration                         Summoning                    3
   *Recall                            Summoning/Translocation      3
   Shadow Creatures                   Summoning                    5
   Summon Demon                       Summoning                    5
   Summon Forest                      Summoning/Translocation      5
   Monstrous Menagerie                Summoning                    6
 Q - a book of Power

   Spells                             Type                      Level
   Fulminant Prism                    Conjuration/Hexes            4
   Iskenderun's Mystic Blast          Conjuration                  4
   Venom Bolt                         Conjuration/Poison           5
   Bolt of Magma                      Conjuration/Fire/Earth       5
   Iron Shot                          Conjuration/Earth            6
   Orb of Destruction                 Conjuration                  7


   Skills:
 + Level 5.7 Fighting
 - Level 5.0 Slings
 - Level 6.8 Armour
 - Level 4.0 Dodging
 - Level 4.0 Stealth
 - Level 5.0 Shields
 * Level 11.6 Spellcasting
 + Level 9.1 Conjurations
 + Level 3.4 Summonings
 * Level 9.2 Necromancy
 + Level 2.6 Translocations
 + Level 7.5 Transmutations
 + Level 12.8 Earth Magic
 - Level 5.2 Evocations


You had 11 spell levels left.
You knew the following spells:

 Your Spells              Type           Power        Failure   Level  Hunger
a - Stone Arrow           Conj/Erth      ######       1%          3    None
b - Stoneskin             Trmt/Erth      ######..     1%          2    None
c - Passwall              Trmt/Erth      ######....   1%          3    None
d - Petrify               Trmt/Erth      ######..     1%          4    None
e - Lee's Rapid Deconstr  Erth           ######....   1%          5    ###....
f - Animate Skeleton      Necr           N/A          1%          1    None
g - Twisted Resurrection  Necr           ######....   3%          5    ###....
h - Recall                Summ/Tloc      N/A          6%          3    None


Dungeon Overview and Level Annotations

Branches:
Dungeon (15/15)            Temple (1/1) D:6             Orc (3/4) D:11
   Lair (6/8) D:9          Shoals (0/5) Lair:6       Spider (0/5) Lair:6
  Slime (0/6) Lair:6       Vaults (0/5) D:13
    Elf: Orc:3-4     Depths: D:15

Altars:
Ashenzari
Cheibriados
Dithmenos
Elyvilon
Fedhas
Kikubaaqudgha
Makhleb
Nemelex Xobeh
Okawaru
Qazlal
Sif Muna
Trog
Vehumet
Xom
Yredelemnul
Zin
The Shining One
Beogh

Shops:
D:6 !   D:11 }   D:14 *

Annotations:
Lair:2 exclusion: 2 upstairs
Lair:3 exclusion: 3 upstairs
Lair:4 exclusion: 2 upstairs
Lair:5 exclusion: 3 upstairs


Innate Abilities, Weirdness & Mutations

You are resistant to torment.
You are immune to poison.
You can fly continuously.
Your stone body is very resilient (AC +11).
Your wings are large and strong.
You resist negative energy.
You are resistant to electric shocks.
You can survive without breathing.
You are immune to petrification.
You are immune to rotting.
You are partially covered in icy blue scales (AC +1).


Message History

Firing (i - inventory. (,) - cycle):
a - 575 stones (quivered)
Press: ? - help, Shift-Dir - straight line, f - orc warrior
Aim: an orc warrior, wielding a dire flail and wearing a chain mail (lightly wounded, consumed by blood-lust)
You shoot a stone. The stone barely misses the orc knight.
The stone hits the orc warrior but does no damage.
The orc warrior is lightly wounded.
The orc warrior hits you from afar with a halberd!
The orc knight barely misses you.
Firing (i - inventory. (,) - cycle):
a - 574 stones (quivered)
Press: ? - help, Shift-Dir - straight line, f/p - orc warrior
Aim: an orc warrior, wielding a dire flail and wearing a chain mail (lightly wounded, consumed by blood-lust)
You shoot a stone. The stone hits the orc knight!
The stone freezes the orc knight.
The orc knight is moderately wounded.
The orc warrior hits you with a mace!
The orc warrior hits you from afar with a halberd!!
* * * LOW HITPOINT WARNING * * *
The orc knight hits you with a great mace!!
You die...
Kikubaaqudgha rasps: "You have failed me!
Welcome... oblivion!"

....# ....#
...<######## ##
...........###.###
...Z....##.#)).).#
###X.X..##.#.)X))#
....X..###..)xooo#
.......# #.#).ooo#
....############@####.#
............ZXXXxX(...#
...######.#############
...######'# #..........
#...........
#............
#.............
#...........###


You could see an orc knight, 5 orc warriors, 5 friendly large abominations, a
friendly small abomination and a friendly hill giant skeleton.

Vanquished Creatures
  Rupert (Lair:4)
  Kirke (D:14)
  Josephine (D:11)
  2 hydras
  Harold (Lair:1)
  A tengu warrior (D:13)
  An ogre mage (D:14)
  2 death yaks
  A catoblepas (Lair:3)
  Erolcha (Orc:1)
  4 orc knights
  An unseen horror (D:13)
  2 hill giants
  7 ugly things
  2 griffons
  5 cyclopes
  3 elephants (Lair:5)
  Maurice (D:13)
  7 black mambas
  2 molten gargoyles (Volcano)
  A manticore (D:15)
  4 spiny frogs
  2 gargoyles
  10 komodo dragons
  A yaktaur (shapeshifter) (D:14)
  A kobold demonologist (D:8)
  2 fire drakes
  2 trolls
  Sonja (Orc:2)
  4 slime creatures (D:13)
  2 wandering mushrooms (D:9)
  A hydra skeleton (D:10)
  A queen bee (Lair:5)
  A raven (D:13)
  5 two-headed ogres
  5 blink frogs
  3 hungry ghosts
  6 wraiths
  3 hogs (D:14)
  9 humans (D:13)
  26 yaks
  A deep elf mage (D:12)
  2 fire bats (Volcano)
  4 hippogriffs
  5 wyverns
  5 wargs
  A vampire mosquito (D:15)
  8 water moccasins
  4 wolves (Lair:3)
  6 porcupines
  Purgy (Sewer)
  15 orc warriors
  4 sky beasts
  A necrophage (D:13)
  12 ogres
  3 black bears
  2 centaurs
  2 yellow wasps
  9 ice beasts
  6 crocodiles
  Duvessa (Orc:1)
  13 giant frogs
  4 big kobolds
  A gnoll sergeant (D:6)
  2 scorpions
  A water moccasin skeleton (Lair:1)
  A wyvern skeleton (D:14)
  An elf zombie (D:15)
  2 eyes of draining (D:11)
  23 killer bees
  7 wights
  2 electric eels (D:13)
  Dowan (Orc:1)
  A kobold zombie (D:9)
  A quasit (D:3)
  3 goliath beetles
  3 lava snakes (Volcano)
  9 hounds
  An iron imp (D:8)
  13 orc priests
  6 crimson imps
  3 jellies
  11 orc wizards
  A black bear skeleton (D:7)
  A kobold skeleton (D:13)
  4 iguanas
  9 worker ants
  4 gnolls (D:7)
  32 green rats
  A shadow imp (D:5)
  19 adders
  2 giant mites (D:7)
  An inept item mimic (D:3)
  3 worms
  A goliath beetle zombie (D:5)
  3 giant geckos
  3 oozes
  101 orcs
  A bat zombie (D:6)
  4 giant cockroaches
  16 goblins
  15 hobgoblins
  9 quokkas
  8 ball pythons
  12 bats
  7 giant newts
  2 giant spores
  5 jackals
  24 kobolds
  An orc zombie (D:9)
  16 rats
  6 ballistomycetes
648 creatures vanquished.

Vanquished Creatures (collateral kills)
  Snorg (Lair:5)
  3 vault guards (D:13)
  A fire dragon (D:11)
  Fannar (D:11)
  A hydra (Lair:3)
  A death yak (Lair:2)
  Urug (Orc:1)
  A hill giant (D:11)
  A necromancer (D:13)
  A manticore (D:13)
  A cyclops (D:11)
  A black mamba (Lair:6)
  14 ugly things
  A spiny frog (Lair:2)
  A torpor snail (Lair:6)
  A centaur skeleton (D:13)
  A kobold demonologist (D:14)
  A polar bear (Lair:2)
  2 trolls
  2 wandering mushrooms (D:9)
  7 blink frogs
  2 two-headed ogres
  A trapdoor spider zombie (D:11)
  A raven (D:13)
  Blork the orc (Orc:1)
  A basilisk (Lair:6)
  A slime creature (D:13)
  A trapdoor spider (D:15)
  A shadow (D:14)
  A tarantella (Lair:6)
  16 yaks
  A hill giant zombie (D:11)
  2 vampire mosquitoes (D:15)
  3 hippogriffs
  A hill giant skeleton (D:14)
  12 humans (D:13)
  2 wolves (Lair:3)
  A porcupine (Lair:2)
  12 orc warriors
  A tengu zombie (D:13)
  A spiny frog skeleton (Lair:1)
  4 water moccasins
  A yellow wasp (D:10)
  A sky beast (D:10)
  3 ice beasts
  2 crocodiles
  A centaur (D:14)
  A big kobold (D:14)
  2 giant frogs
  A scorpion (D:9)
  2 killer bees (Lair:5)
  3 wights (D:15)
  7 orc priests
  An electric eel (D:11)
  A jelly (D:13)
  A hound (D:14)
  An iguana (D:8)
  An elf skeleton (D:11)
  2 orc wizards
  A hound zombie (D:11)
  A giant frog simulacrum (D:11)
  5 adders
  27 green rats
  32 orcs
  A hobgoblin (D:11)
  A kobold (D:14)
  A quokka (Lair:3)
  A hobgoblin skeleton (D:8)
  A rat (D:8)
  A ballistomycete (D:8)
  3 fungi (D:9)
  7 plants
223 creatures vanquished.

Vanquished Creatures (others)
  2 large abominations
  A kobold demonologist (D:14)
  A human (D:14)
  A catoblepas skeleton (Lair:3)
  A sky beast (D:7)
  2 small abominations
  A spiny frog skeleton (Lair:1)
  An ogre (D:14)
  3 blink frog skeletons (Lair:2)
  A komodo dragon skeleton (Lair:3)
  A wight (D:14)
  5 yak skeletons
  2 wolf skeletons (Lair:3)
  3 giant frog skeletons
  A two-headed ogre skeleton (D:13)
  An ogre skeleton (Orc:1)
  3 porcupine skeletons (Lair:2)
  A crocodile skeleton (Lair:2)
  2 hound skeletons
  4 adder skeletons
  3 giant spores
  5 orc skeletons
  4 quokka skeletons
  5 crawling corpses
  8 fungi
  2 macabre masses
  A plant (D:13)
65 creatures vanquished.

Grand Total: 936 creatures vanquished

Notes
Turn   | Place    | Note
--------------------------------------------------------------
     0 | D:1      | wortkombination, the Gargoyle Earth Elementalist, began the quest for the Orb.
     0 | D:1      | Reached XP level 1. HP: 10/10 MP: 3/3
   157 | D:1      | Reached skill level 4 in Earth Magic
   217 | D:1      | Reached XP level 2. HP: 15/15 MP: 2/4
   808 | D:2      | Reached XP level 3. HP: 19/19 MP: 2/6
   954 | D:2      | Reached skill level 5 in Earth Magic
  1096 | D:2      | Reached XP level 4. HP: 24/24 MP: 2/8
  1103 | D:2      | Learned a level 2 spell: Stoneskin
  1107 | D:2      | Learned a level 3 spell: Passwall
  1417 | D:3      | Reached skill level 1 in Transmutations
  1846 | D:3      | Reached XP level 5. HP: 28/28 MP: 6/11
  2023 | D:3      | Reached skill level 6 in Earth Magic
  2698 | D:4      | Got a twisted hunting sling
  2700 | D:4      | Identified the +7 hunting sling of a ziggurat {freeze, rN+ MR++ Int+3} (You found it on level 4 of the Dungeon)
  3379 | D:5      | Entered Level 5 of the Dungeon
  3385 | D:5      | Noticed a sky beast
  3396 | D:5      | Killed a sky beast
  3396 | D:5      | Reached skill level 1 in Slings
  3396 | D:5      | Reached XP level 6. HP: 27/32 MP: 3/13
  3813 | D:5      | Noticed a sky beast
  3824 | D:5      | Killed a sky beast
  3843 | D:5      | Reached XP level 7. HP: 37/37 MP: 15/15
  3911 | D:5      | Learned a level 3 spell: Stone Arrow
  3916 | D:5      | Learned a level 4 spell: Petrify
  4184 | D:5      | Reached skill level 7 in Earth Magic
  4317 | D:6      | Reached skill level 1 in Fighting
  4317 | D:6      | Reached skill level 1 in Armour
  4317 | D:6      | Reached skill level 1 in Shields
  4370 | D:6      | Found Quhapolual's Distillery.
  4435 | D:6      | Bought a potion of might for 35 gold pieces
  4435 | D:6      | Bought a potion of magic for 77 gold pieces
  4435 | D:6      | Bought a potion of brilliance for 35 gold pieces
  4435 | D:6      | Bought a potion of heal wounds for 42 gold pieces
  4435 | D:6      | Bought a potion of restore abilities for 42 gold pieces
  4473 | D:6      | Found a staircase to the Ecumenical Temple.
  4476 | D:6      | Reached XP level 8. HP: 42/44 MP: 10/18
  4486 | Temple   | Entered the Ecumenical Temple
  4597 | Temple   | Became a worshipper of Kikubaaqudgha
  4670 | D:6      | Reached skill level 1 in Evocations
  4739 | D:6      | Found a glowing drain.
  4747 | D:6      | Reached skill level 1 in Conjurations
  4758 | Sewer    | Entered a sewer
  4842 | Sewer    | Noticed Purgy
  4849 | Sewer    | Killed Purgy
  4849 | Sewer    | Acquired Kikubaaqudgha's first power
  4849 | Sewer    | Received a gift from Kikubaaqudgha
  4850 | Sewer    | Identified Kikubaaqudgha's Guide on Necromancy (Kikubaaqudgha gifted it to you in a sewer)
  5397 | D:7      | Reached skill level 1 in Necromancy
  5400 | D:7      | Reached skill level 8 in Earth Magic
  5456 | D:7      | Reached XP level 9. HP: 40/48 MP: 13/20
  5730 | D:7      | Acquired Kikubaaqudgha's second power
  5730 | D:7      | Reached skill level 5 in Spellcasting
  5737 | D:7      | Learned a level 5 spell: Lee's Rapid Deconstruction
  5786 | D:7      | Noticed a cyclops
  5792 | D:7      | Killed a cyclops
  5792 | D:7      | Reached skill level 9 in Earth Magic
  6160 | D:7      | Noticed a brown ugly thing
  6170 | D:7      | Killed a red ugly thing
  6170 | D:7      | Reached XP level 10. HP: 19/53 MP: 0/24
  6189 | D:7      | Gained mutation: You are partially covered in icy blue scales (AC +1). [mutagenic meat]
  6402 | D:7      | Found a glowing golden altar of the Shining One.
  6418 | D:7      | Found a radiant altar of Vehumet.
  6418 | D:7      | Found a stormy altar of Qazlal.
  6421 | D:7      | Found a shimmering altar of Xom.
  6852 | D:8      | Noticed a sixfirhy
  6927 | D:8      | Reached skill level 10 in Earth Magic
  6974 | D:8      | Learned a level 1 spell: Animate Skeleton
  7155 | D:8      | Received a gift from Kikubaaqudgha
  7197 | D:8      | Identified Kikubaaqudgha's Catalogue of Darkness (Kikubaaqudgha gifted it to you on level 8 of the Dungeon)
  8297 | D:9      | Found a sparkling altar of Nemelex Xobeh.
  8377 | D:9      | Reached XP level 11. HP: 59/59 MP: 3/26
  8502 | D:9      | Reached skill level 5 in Conjurations
  8560 | D:9      | Found a staircase to the Lair.
  8667 | D:9      | Reached skill level 5 in Transmutations
  8858 | Lair:1   | Entered Level 1 of the Lair of Beasts
  9660 | Lair:1   | Noticed Harold
  9684 | Lair:1   | Killed Harold
  9930 | Lair:1   | Reached skill level 5 in Necromancy
 10095 | Lair:2   | Acquired Kikubaaqudgha's third power
 10710 | Lair:2   | Reached skill level 11 in Earth Magic
 10891 | Lair:2   | Reached XP level 12. HP: 66/66 MP: 24/28
 11419 | Lair:2   | Upgraded the game from 0.15-b1-55-g17c0860 to 0.15-b1-58-g4898494
 11428 | Lair:2   | Learned a level 5 spell: Twisted Resurrection
 11551 | Lair:3   | Noticed a death yak
 11568 | Lair:3   | Noticed a death yak
 11570 | Lair:3   | Noticed a death yak
 12452 | Lair:3   | Got a jewelled hand axe
 12454 | Lair:3   | Identified the +3 hand axe of Superiority {venom, Str+1 Dex+2 SInv} (You found it on level 3 of the Lair of Beasts)
 12702 | Lair:3   | Acquired Kikubaaqudgha's fourth power
 12734 | Lair:3   | Noticed a five-headed hydra
 12742 | Lair:3   | Killed a five-headed hydra
 12742 | Lair:3   | Reached skill level 5 in Fighting
 13068 | Lair:3   | Killed a death yak
 13068 | Lair:3   | Reached skill level 5 in Slings
 13068 | Lair:3   | Reached skill level 5 in Shields
 13508 | Lair:4   | Noticed Rupert
 14218 | Lair:2   | Noticed a seven-headed hydra
 14583 | Lair:2   | Killed a seven-headed hydra
 14662 | Lair:2   | Killed a death yak
 14860 | Lair:2   | Killed a death yak
 15569 | Lair:5   | Reached XP level 13. HP: 72/72 MP: 30/30
 15816 | Lair:5   | Noticed Snorg
 15825 | Lair:5   | Killed Snorg
 17020 | Lair:6   | Found a frozen archway.
 17058 | Lair:6   | Found a glowing silver altar of Zin.
 17225 | Lair:6   | Found a hole to the Spider Nest.
 17276 | Lair:6   | Found a staircase to the Slime Pits.
 17529 | Lair:6   | Reached skill level 5 in Armour
 17666 | Lair:6   | Found a staircase to the Shoals.
 18119 | Lair:4   | Killed Rupert
 19023 | D:10     | Entered Level 10 of the Dungeon
 19790 | D:10     | Reached skill level 10 in Spellcasting
 20265 | D:11     | Noticed Josephine
 20270 | D:11     | Killed Josephine
 20297 | D:11     | Found a roughly hewn altar of Beogh.
 20911 | D:11     | Noticed Fannar
 20984 | D:11     | Found Vumott's Gadget Boutique.
 21050 | D:11     | Found a snail-covered altar of Cheibriados.
 21215 | D:11     | Reached skill level 12 in Earth Magic
 21259 | D:11     | Found a staircase to the Orcish Mines.
 21357 | D:11     | Found a bloodstained altar of Trog.
 21466 | D:11     | Got a crystal falchion
 21469 | D:11     | Identified the +9 falchion "Skuoxt" {slice, Str+1 Dex-4} (You found it on level 11 of the Dungeon)
 21542 | D:11     | Learned a level 3 spell: Recall
 21603 | D:11     | Bought a wand of disintegration (13) for 238 gold pieces
 21603 | D:11     | Bought a wand of fireball (2) for 168 gold pieces
 21700 | Orc:1    | Entered Level 1 of the Orcish Mines
 21700 | Orc:1    | Noticed Erolcha
 21700 | Orc:1    | Noticed Duvessa
 21703 | Orc:1    | Noticed Dowan
 21707 | Orc:1    | Killed Duvessa
 21708 | Orc:1    | Killed Erolcha
 21714 | Orc:1    | Killed Dowan
 21714 | Orc:1    | Gained mutation: Your wings are large and strong. [gargoyle growth]
 21714 | Orc:1    | Reached XP level 14. HP: 65/78 MP: 11/32
 21802 | Orc:1    | Noticed Urug
 21806 | Orc:1    | Noticed Blork the orc
 21811 | Orc:1    | Your ally Erolcha died
 21812 | Orc:1    | Killed Urug
 21818 | Orc:1    | Killed Blork the orc
 22109 | Orc:1    | Reached skill level 1 in Summonings
 22366 | Orc:2    | Found a roughly hewn altar of Beogh.
 22579 | Orc:2    | Noticed Sonja
 22590 | Orc:2    | Killed Sonja
 22776 | Orc:2    | Found a dark tunnel.
 22795 | Volcano  | Entered a volcano
 22994 | Volcano  | Found a radiant altar of Vehumet.
 24320 | D:11     | Killed Fannar
 25856 | D:13     | Reached skill level 5 in Evocations
 26193 | D:13     | Noticed Maurice
 26199 | D:13     | Killed Maurice
 26492 | D:13     | Found a gate to the Vaults.
 26918 | D:14     | Got a distressingly furry leather armour
 26919 | D:14     | Identified the cursed -5 leather armour of Objectivity {Int-1} (You found it on level 14 of the Dungeon)
 27297 | D:14     | Reached skill level 1 in Translocations
 27306 | D:14     | Noticed Kirke
 27312 | D:14     | Killed Kirke
 27312 | D:14     | Reached XP level 15. HP: 82/82 MP: 13/34
 27933 | D:14     | Found Twaorch's Serpentskin Sales.
 27992 | D:14     | Found a shattered altar of Ashenzari.
 28313 | D:15     | Entered Level 15 of the Dungeon
 28873 | D:15     | Slain by an orc knight

Action                   |  1- 3 |  4- 6 |  7- 9 | 10-12 | 13-15 || total
-------------------------+-------+-------+-------+-------+-------++-------
Melee: Hunting sling     |       |       |       |       |     3 ||     3
 Fire: Hunting sling     |       |    21 |   157 |   410 |   707 ||  1295
       Blowgun           |       |       |       |     8 |     2 ||    10
Throw: Tomahawk          |       |     6 |    15 |       |       ||    21
       Stone             |       |       |     2 |       |    11 ||    13
 Cast: Sandblast         |    57 |    85 |    46 |     8 |       ||   196
       Stoneskin         |       |     2 |     4 |    25 |    13 ||    44
       Stone Arrow       |       |       |    51 |   201 |   252 ||   504
       Petrify           |       |       |     1 |    13 |     7 ||    21
       Animate Skeleton  |       |       |       |    68 |    31 ||    99
       Lee's Rapid Decon |       |       |       |    11 |    60 ||    71
       Passwall          |       |       |       |     2 |       ||     2
       Twisted Resurrect |       |       |       |    10 |    59 ||    69
Evoke: Wand              |       |       |     2 |     2 |     5 ||     9
  Use: Scroll            |       |     6 |     5 |    23 |     9 ||    43
       Potion            |       |       |     2 |     1 |     6 ||     9
 Stab: Sleeping          |       |       |       |       |     1 ||     1
  Eat: Chunk             |     1 |     8 |     9 |    28 |    30 ||    76
       Fruit             |       |     1 |       |     8 |    22 ||    31
       Pizza             |       |       |     1 |     1 |     1 ||     3
       Beef jerky        |       |       |       |       |     2 ||     2
